 Dungeon Crawl Stone Soup version 0.25-a0-589-g1e14c549ee (webtiles) character file.

Game seed: 12055501178418825216, levelgen mode: deterministic

51 Qrupt the Insei (level 3, 0/24 HPs)
             Began as an Octopode Transmuter on Mar 13, 2020.
             Slain by a leopard gecko (4 damage)
             ... on level 2 of the Dungeon.
             The game lasted 00:05:21 (1155 turns).

Qrupt the Insei (Octopode Transmuter)               Turns: 1155, Time: 00:05:21

Health: 0/24       AC:  1    Str:  9    XL:     3   Next: 83%
Magic:  6/6        EV: 14    Int: 17    God:
Gold:   78         SH:  0    Dex: 13    Spells: 5/6 levels left

rFire    . . .     SeeInvis .     - Unarmed
rCold    . . .     Gourm    .   (no shield)
rNeg     . . .     Faith    .   (helmet restricted)
rPois    .         Spirit   .   (no amulet)
rElec    .         Reflect  .   (no ring)
rCorr    .         Harm     .   (no ring)
MR       .....                  (no ring)
Stlth    ++........             (no ring)
HPRegen  0.00/turn              (no ring)
MPRegen  0.10/turn              (no ring)
                                (no ring)
                                (no ring)

@: no status effects
A: almost no armour, stealthy swim, amphibious, 8 rings, constrict 8, camouflage
1, clever 1, inhibited regeneration, gelatinous body 1
a: no special abilities


You were on level 2 of the Dungeon.
You were not hungry.

You visited 1 branch of the dungeon, and saw 2 of its levels.

You collected 78 gold pieces.

Inventory:

Missiles
 a - 12 arrows
Jewellery
 h - an uncursed ring of poison resistance {unknown}
Scrolls
 b - a scroll of identify {unknown}
 e - 2 scrolls of teleportation {unknown}
 f - 6 scrolls of enchant weapon {unknown}
Comestibles
 c - a ration
 g - a chunk of flesh


   Skills:
 + Level 1.9 Fighting
 + Level 2.6 Dodging
 + Level 3.4 Unarmed Combat
 - Level 2.0 Spellcasting
 + Level 2.5 Transmutations


You had 5 spell levels left.
You knew the following spells:

 Your Spells              Type           Power        Failure   Level  Hunger
a - Beastly Appendage     Tmut           ##....       7%          1    #......

Your spell library contained the following spells:

 Spells                   Type           Power        Failure   Level  Hunger
 Sticks to Snakes         Tmut           ##......     10%         2    ###....
 Spider Form              Tmut/Pois      #.........   34%         3    ###....
 Ice Form                 Ice/Tmut       #.......     75%         4    #####..
 Blade Hands              Tmut           ##........   88%         5    ######.


Dungeon Overview and Level Annotations

Branches:
Dungeon (2/15)

Altars:


Innate Abilities, Weirdness & Mutations

You cannot wear most types of armour.
You are very stealthy in the water. (Stealth+)
You are amphibious.
You can wear up to eight rings at the same time.
You can use your tentacles to constrict eight enemies at once.
Your skin changes colour to match your surroundings (Stealth+).
Your rubbery body absorbs attacks. (AC +1, EV +1)
Your mind is acute. (Int +2)
You do not regenerate when monsters are visible.


Message History

You squeeze the leopard gecko.
The leopard gecko is moderately wounded.
The leopard gecko bites you.
You are too injured to fight recklessly!
You barely miss the leopard gecko. Your grab misses the leopard gecko.
The leopard gecko is moderately wounded.
Your transformation is almost over.
The leopard gecko bites you. x2
* * * LOW HITPOINT WARNING * * *
You see here a kobold corpse.
Okay, then.
It was a potion of mutation.
You feel extremely strange.
Your regeneration stops near monsters.
You feel clever. The leopard gecko bites you.
* * * LOW HITPOINT WARNING * * *
The leopard gecko closely misses you.
Your tentacle spike disappears.
You see here a halberd.
The leopard gecko bites you.
You die...

#.#.# #.## ## ##
#.## #
#...#####.#.###.
#.#......###....
#...# ###.#.####
######.######...#
#..........†.###.#
#..@...(....## #.#
#.l###.....## #..
#..# #.####.## ##
#..# #.......##
#..# #.###....#
#..# #.#
#...#..... #..#
#.# #...#..###
#..###.###...# .#
#..†.........#. #


You could see a leopard gecko.

Vanquished Creatures
  An adder (D:2)
  2 worms (D:2)
  A dart slug (D:1)
  2 leopard geckos (D:1)
  4 bats
  3 giant cockroaches
  3 hobgoblins (D:1)
  3 jackals (D:1)
  A quokka (D:2)
  4 frilled lizards (D:1)
  2 goblins (D:1)
  3 kobolds
  5 rats
34 creatures vanquished.

Notes
Turn   | Place    | Note
-------+----------+-------------------------------------------
     0 | D:1      | Qrupt the Octopode Transmuter began the quest for the Orb.
     0 | D:1      | Reached XP level 1. HP: 13/13 MP: 3/3
   170 | D:1      | Reached XP level 2. HP: 17/18 MP: 3/5
   734 | D:1      | Reached XP level 3. HP: 18/23 MP: 4/6
  1148 | D:2      | Gained mutation: You do not regenerate when monsters are
                  | visible. [potion of mutation]
  1148 | D:2      | Gained mutation: Your mind is acute. (Int +2) [potion of
                  | mutation]
  1155 | D:2      | Slain by a leopard gecko

Levels and vault maps discovered:
D:1:      lemuel_arrival_behind_the_door_small, layout_loops_cross
D:2:      layout_loops_ring

Action                   || total
-------------------------++-------
Melee: Unarmed           ||    83
       Constrict         ||    20
       Tentacles         ||    11
       Punch             ||     2
       Kick              ||    12
 Cast: Beastly Appendage ||    15
  Use: Potion            ||     1
 Stab: Sleeping          ||     6
  Eat: Chunk             ||     1
Armor: Skin              ||     7
Dodge: Dodged            ||    60

Table legend:
 A = Non-vault XP
 B = Vault XP
 C = Vault XP percentage of total XP
 D = Non-vault monster count
 E = Vault monster count
 F = Vault count percentage of total count
                 A         B        C        D         E       F
            +---------+---------+-------+---------+---------+-------
      Total |      74 |       0 |   0.0 |      34 |       0 |   0.0
            +---------+---------+-------+---------+---------+-------
        D:1 |      42 |       0 |   0.0 |      25 |       0 |   0.0
        D:2 |      32 |       0 |   0.0 |       9 |       0 |   0.0
            +---------+---------+-------+---------+---------+-------
